 Dungeon Crawl Stone Soup version 0.28.0 (webtiles) character file.

Game seed: 12134601639765695401

499 Sanktem7 the Chopper (level 6, -1/56 HPs)
             Began as a Minotaur Fighter on Feb 12, 2022.
             Slain by an orc warrior (14 damage)
             ... on level 5 of the Dungeon.
             The game lasted 00:07:37 (4316 turns).

Sanktem7 the Chopper (Minotaur Fighter)             Turns: 4316, Time: 00:07:37

Health: -1/56      AC:  7    Str: 28    XL:     6   Next: 94%
Magic:  5/5        EV: 10    Int:  5    God:
Gold:   112        SH:  4    Dex: 10    Spells: 5/5 levels left

rFire   x . .      SeeInvis .   a - +0 war axe
rCold   + . .      Faith    .   c - +0 buckler
rNeg    . . .      Spirit   .   b - +0 scale mail
rPois   +          Reflect  .   (helmet restricted)
rElec   .          Harm     .   (no cloak)
rCorr   .          Rampage  .   (no gloves)
Will    .....                   (no boots)
Stlth   ..........              (no amulet)
HPRegen 0.18/turn               f - ring of ice
MPRegen 0.09/turn               v - ring of Satwapof {Contam +Blink Fly rPois Str+6}

@: flying
A: horns 2, retaliatory headbutt
a: Evoke Blink


You were on level 5 of the Dungeon.
You visited 1 branch of the dungeon, and saw 5 of its levels.

You collected 237 gold pieces.
You spent 125 gold pieces at shops.

Inventory:

Hand Weapons
 a - a +0 war axe (weapon)
Missiles
 r - 5 javelins (quivered)
 w - a throwing net
Armour
 b - a +0 scale mail (worn)
 c - a +0 buckler (worn)
Jewellery
 f - a ring of ice (left hand)
 o - a ring of magical power
 p - a ring of protection from fire
 v - the ring of Satwapof (right hand) {Contam +Blink Fly rPois Str+6}
   (You bought it in a shop on level 4 of the Dungeon)

   [ring of strength]

   Str:       It affects your strength (+6).
   rPois:     It protects you from poison.
   Fly:       It grants you flight.
   +Blink:    It lets you blink.
   Contam:    It causes magical contamination when unequipped.
Wands
 k - a wand of iceblast (15)
Scrolls
 g - 2 scrolls of teleportation {unknown}
 h - 2 scrolls of magic mapping {unknown}
 j - a scroll of immolation {unknown}
 m - a scroll of identify {unknown}
 n - a scroll of fog {unknown}
 q - a scroll of noise {unknown}
Potions
 d - a potion of might
 e - a potion of experience {unknown}
 i - a potion of curing {unknown}
 l - 2 potions of flight {unknown}
 s - a potion of heal wounds {unknown}
 t - a potion of brilliance {unknown}
 u - 2 potions of lignification {unknown}


   Skills:
 * Level 5.4 Fighting
 * Level 7.0 Axes
 + Level 5.1 Armour
 + Level 1.4 Dodging
 - Level 3.6 Shields


You had 5 spell levels left.
You didn't know any spells.
Your spell library contained the following spells:

 Spells                   Type           Power      Damage    Failure   Level
 Magic Dart               Conj           0%         1d3       82%         1
 Call Imp                 Summ           0%         N/A       91%         2
 Mephitic Cloud           Conj/Pois/Air  0%         N/A       99%         3


Dungeon Overview and Level Annotations

Branches:
Dungeon (5/15)
 Temple: D:4-7

Altars:

Shops:
D:1 ?   D:4 [([*!


Innate Abilities, Weirdness & Mutations

You have a pair of horns on your head.
You reflexively headbutt those who attack you in melee.


Message History

The orc wizard hits you with a +1 dagger of freezing.
You slash the orc wizard!
You kill the orc wizard!
You barely miss the orc warrior. You hit the orc.
The orc warrior barely misses you.
The orc priest mumbles some strange prayers to Beogh against you.
Beogh smites you! The orc hits you but does no damage.
Your Axes skill increases to level 7!
You closely miss the orc.
The orc is heavily wounded.
You hit the orc warrior but do no damage.
The orc warrior barely misses you. The orc closely misses you.
The orc priest barely misses you. You furiously retaliate!
You headbutt the orc priest! The orc warrior misses you.
You closely miss the orc. Your headbutt misses the orc.
The orc is heavily wounded.
You hit the orc. You barely miss the orc priest. You hit the orc warrior.
The orc completely misses you. The orc hits you with a +0 dagger.
The orc warrior misses you. You furiously retaliate!
You headbutt the orc warrior!
The orc priest invokes the aid of Beogh against you.
Pain shoots through your body! The orc barely misses you.
You hit the orc warrior.
The orc warrior is heavily wounded.
You hit the orc but do no damage. You slash the orc!
You kill the orc!
You hit the orc priest but do no damage.
The orc hits you with a +0 dagger.
The orc warrior hits you with a +0 scimitar!
The orc priest mumbles some strange prayers to Beogh against you.
Pain shoots through your body!
* * * LOW HITPOINT WARNING * * *
The orc hits you with a +0 dagger.
* * * LOW HITPOINT WARNING * * *
You closely miss the orc warrior.
The orc warrior is heavily wounded.
You completely miss the orc.
You hit the orc priest but do no damage.
The orc warrior hits you with a +0 scimitar!
You die...

##########
#........#
#........#
###........#
...........#
.......oo..#
.......o@).#
.......<^..#
.$.........#
.###########


You could see an orc warrior, an orc priest and an orc.

Vanquished Creatures
  A necrophage (D:4)
  An ogre (D:4)
  Ijyb (D:2)
  2 iguanas (D:4)
  2 orc wizards
  6 gnolls (D:4)
  2 adders
  A white imp (D:3)
  An adder skeleton (D:4)
  4 worms
  2 dart slugs
  4 orcs
  8 ball pythons
  7 endoplasms
  3 giant cockroaches
  12 goblins
  6 hobgoblins
  3 jackals (D:3)
  3 quokkas
  6 bats
  2 frilled lizards (D:1)
  6 kobolds
  3 rats
86 creatures vanquished.

Vanquished Creatures (others)
  An orc wizard (D:4)
1 creature vanquished.

Grand Total: 87 creatures vanquished

Notes
Turn   | Place    | Note
-------+----------+-------------------------------------------
     0 | D:1      | Sanktem7 the Minotaur Fighter began the quest for the Orb.
     0 | D:1      | Reached XP level 1. HP: 19/19 MP: 0/0
   165 | D:1      | Found a faded altar of an unknown god.
   166 | D:1      | Noticed a floating eye
   171 | D:1      | Noticed a floating eye
   177 | D:1      | Noticed an eye of devastation
   188 | D:1      | Noticed a great orb of eyes
   300 | D:1      | Reached XP level 2. HP: 25/27 MP: 1/1
   474 | D:1      | You fall into a shaft and drop 1 floor!
   488 | D:2      | Reached skill level 3 in Axes
   692 | D:2      | Reached XP level 3. HP: 10/34 MP: 2/2
  1163 | D:1      | Found Depuledu's Magic Scroll Shoppe.
  1820 | D:2      | Noticed Ijyb
  1828 | D:2      | Killed Ijyb
  1829 | D:2      | Reached skill level 4 in Axes
  1829 | D:2      | Reached XP level 4. HP: 41/41 MP: 3/3
  2344 | D:3      | Reached skill level 1 in Dodging
  2845 | D:4      | Noticed a necrophage
  2852 | D:4      | Killed a necrophage
  2853 | D:4      | Reached skill level 5 in Axes
  2853 | D:4      | Reached XP level 5. HP: 40/47 MP: 4/4
  3210 | D:4      | Found Jotaheng's Distillery.
  3312 | D:4      | Reached skill level 5 in Fighting
  3312 | D:4      | Reached XP level 6. HP: 43/56 MP: 5/5
  3320 | D:4      | Reached skill level 6 in Axes
  3463 | D:4      | Found Oxemec's Assorted Antiques.
  3466 | D:4      | Bought a shimmering copper ring for 125 gold pieces
  3466 | D:4      | Identified the ring of Satwapof {Contam +Blink Fly rPois
                  | Str+6} (You bought it in a shop on level 4 of the Dungeon)
  3584 | D:4      | Found Fipud's Armour Boutique.
  3679 | D:4      | Reached skill level 5 in Armour
  3950 | D:4      | Found Nutholiph's Armour Shop.
  4053 | D:4      | Found Wualuuho's Antique Weapon Boutique.
  4308 | D:5      | Entered Level 5 of the Dungeon
  4308 | D:5      | Noticed an orc warrior
  4313 | D:5      | Reached skill level 7 in Axes
  4316 | D:5      | Slain by an orc warrior

Illustrated notes

Levels and vault maps discovered:
D:1:      dpeg_arrival_pits, layout_loops_ring,
          hellmonk_ecumenical_altar_watching_god, serial_shops,
          nicolae_shop_trees
D:2:      kennysheep_the_goblin_king, layout_rooms, serial_curves,
          eino_curves_04, eino_curves_04, eino_curves_01, eino_curves_02,
          minmay_misc_feat_columns, kennysheep_generic_room_6
D:3:      layout_basic
D:4:      layout_layer_cave, serial_shops, shop, kennysheep_little_box, shop,
          kennysheep_mini, nicolae_shop_hallway_plus
D:5:      lemuel_ice_spiral_2, layout_basic, minmay_temple_entry_hall,
          serial_shops, shop, nicolae_shop_crystal,
          nicolae_shop_advertising_works [nicolae_subvault_shop_adworks], shop,
          shop, minmay_fractal_squares_diagonal_5, uniq_grinder

Skill      XL: |  1  2  3  4  5  6 |
---------------+-------------------+-----
Fighting       | 4 5 |  5.4
Axes           | 3 4 5 7 |  7.0
Armour         | 4 5 |  5.1
Dodging        | 1 |  1.4
Shields        | |  3.6

Action                   |  1- 3 |  4- 6 || total
-------------------------+-------+-------++-------
Melee: War axe           |    73 |    98 ||   171
       Headbutt          |     7 |    11 ||    18
Armor: Scale mail        |    34 |    38 ||    72
Dodge: Dodged            |    28 |    49 ||    77
Block: Buckler           |    17 |    20 ||    37
